AoeStats
← SlowBoy

Arabia

504280963Analyzed
1v1 RM · 27d ago on Sep 4, 2026· 54m 19s· 2 players
Game mode
Random Map
Map size
Tiny (2 player)
Population
200
Speed
Normal
Resources
Standard
Victory
Conquest
Starting age
Dark Age
Ending age
Imperial Age
RankedLock teamsTeams togetherTeam positionsShared explorationLock speedFull tech treeHidden civsTurbo modeCheats
Victory
Defeat
🇪🇸 Saracens · Spain
1635
+19
🇧🇷 Wei · Brazil
1690
-19
Canhonnn
5:48 Loom
8:24 Feudal Age
10:30 Double-Bit Axe
12:36 Fletching
14:57 Padded Archer Armor
17:14 Wheelbarrow
23:29 Castle Age
21:35 Horse Collar
22:27 Gold Mining
24:06 Bodkin Arrow
23:32 Crossbowman
23:46 Elite Skirmisher
25:00 Bow Saw
27:00 Scale Mail Armor
27:38 Ballistics
28:40 Leather Archer Armor
35:49 Town Watch
38:33 Heavy Plow
39:10 Hand Cart
41:45 Imperial Age
41:52 Arbalester
42:39 Thumb Ring
42:35 Bracer
43:36 Chemistry
43:37 Ring Archer Armor
44:04 Conscription
44:53 Scale Barding Armor
44:58 Forging
45:17 Bloodlines
45:08 Husbandry
44:28 Light Cavalry
46:05 Chain Barding Armor
45:46 Town Patrol
48:09 Plate Barding Armor
48:10 Iron Casting
51:32 Blast Furnace
50:33 Scale Mail Armor
51:36 Two-Man Saw
50:41 Hussar
50:53 Heavy Camel Rider
52:53 Hoardings
SlowBoy
7:01 Loom
10:33 Feudal Age
11:12 Double-Bit Axe
13:03 Horse Collar
14:13 Fletching
17:30 Wheelbarrow
22:11 Castle Age
20:25 Gold Mining
22:20 Padded Archer Armor
22:49 Bloodlines
23:06 Bow Saw
23:00 Husbandry
23:05 Bodkin Arrow
23:58 Heavy Plow
24:07 Town Watch
26:39 Leather Archer Armor
29:46 Ballistics
31:15 Hand Cart
34:18 Imperial Age
32:32 Thumb Ring
32:45 Stone Mining
33:33 Gold Shaft Mining
33:09 Elite Skirmisher
40:20 Ring Archer Armor
39:52 Bracer
41:13 Hand Cart
43:03 Ring Archer Armor
45:00 Chemistry
45:41 Conscription
46:18 Scale Barding Armor
47:05 Forging
47:37 Masonry
48:05 Ming Guang Armor
48:32 Chain Barding Armor
48:48 Iron Casting
48:45 Crop Rotation
51:08 Tuntian
53:12 Light Cavalry
54:53 Blast Furnace
Connection lost

Rejoining the realm…

Still unreachable

The connection could not be restored.

Session expired

The server has moved on; the page needs a fresh start.